 Dungeon Crawl Stone Soup version 0.24.1-14-gf8d2b509d9 (webtiles) character file.

Game seed: 1432004387091945781, levelgen mode: deterministic

1293 Mechanical the Frost Mage (level 8, -2/78 HPs)
             Began as a Barachi Ice Elementalist on Nov 2, 2022.
             Slain by a phantom (5 damage)
             ... on level 6 of the Dungeon.
             The game lasted 00:26:49 (6481 turns).

Mechanical the Frost Mage (BaIE)                    Turns: 6481, Time: 00:26:50

Health: -2/78      AC: 24    Str: 16    XL:     8   Next: 56%
Magic:  17/17      EV:  2    Int: 17    God:
Gold:   272        SH:  0    Dex: 12    Spells: 3/19 levels left

rFire    . . .     SeeInvis .   f - +2 short sword (speed)
rCold    . . .     Gourm    .   (no shield)
rNeg     + + +     Faith    .   (armour currently unavailable)
rPois    +         Spirit   .   (helmet currently unavailable)
rElec    .         Reflect  .   (cloak currently unavailable)
rCorr    .         Harm     .   (gloves currently unavailable)
MR       .....     NoTele   +   (boots currently unavailable)
Stlth    ++........             (no amulet)
HPRegen  0.23/turn              (no ring)
MPRegen  0.15/turn              (no ring)

@: mighty, tree-form, can't hop
A: +LOS, swims
a: no special abilities


You were on level 6 of the Dungeon.
You were not hungry.
You were a tree.
You visited 1 branch of the dungeon, and saw 6 of its levels.

You collected 272 gold pieces.

Inventory:

Hand Weapons
 f - a +2 short sword of speed (weapon)
 n - a +1 mace of protection
 y - the +7 whip "Uvor" {slash, Fragile rN++ Str+5, unknown}
   (You found it on level 4 of the Dungeon)

   It inflicts extra damage upon your enemies.
   It affects your strength (+5).
   It greatly protects you from negative energy.
   It will be destroyed if unequipped.
Missiles
 k - 160 stones (quivered)
 p - 4 boomerangs
Armour
 a - a +0 robe (melded)
 x - a +1 cloak of magic resistance (melded)
 C - a +1 ring mail of fire resistance
Jewellery
 b - an uncursed ring of resist corrosion {unknown}
 g - an uncursed amulet of regeneration {unknown}
 m - an uncursed ring of positive energy {unknown}
 D - an uncursed ring of flight {unknown}
 E - an uncursed ring of positive energy {unknown}
Wands
 r - a wand of random effects (25)
 t - a wand of enslavement (6)
 u - a wand of paralysis (21)
 v - a wand of digging (8)
 A - a wand of iceblast (8)
Scrolls
 d - a scroll of remove curse
 e - 2 scrolls of teleportation
 h - a scroll of fear {unknown}
 i - a scroll of noise {unknown}
 j - a scroll of enchant weapon
 q - a scroll of immolation {unknown}
 F - a scroll of enchant armour {unknown}
Potions
 l - a potion of resistance
 o - a potion of mutation
 z - a potion of agility
Comestibles
 c - 12 rations


   Skills:
 - Level 2.1 Dodging
 - Level 1.7 Stealth
 + Level 6.4 Spellcasting
 + Level 5.8 Conjurations
 + Level 8.1 Ice Magic


You had 3 spell levels left.
You knew the following spells:

 Your Spells              Type           Power        Failure   Level  Hunger
a - Freeze                Ice            ####         1%          1    None
b - Throw Frost           Conj/Ice       ####..       1%          2    None
c - Ozocubu's Armour      Chrm/Ice       ###.....     7%          3    ##.....
d - Throw Icicle          Conj/Ice       ####....     7%          4    ####...
e - Ensorcelled Hibernat  Hex/Ice        ###...       3%          2    None
f - Summon Ice Beast      Ice/Summ       ###.....     22%         4    ####...

Your spell library contained the following spells:

 Spells                   Type           Power        Failure   Level  Hunger
 Dazzling Spray           Conj/Hex       ###...       11%         3    ##.....
 Corona                   Hex            #......      12%         1    None
 Confuse                  Hex            #.......     36%         3    ##.....
 Tukima's Dance           Hex            #.......     36%         3    ##.....


Dungeon Overview and Level Annotations

Branches:
Dungeon (6/15)
 Temple: D:4-7

Altars:
Ashenzari
Cheibriados
Trog
The Shining One

Shops:
D:4 *   D:5 =   D:6 :

Annotations:
D:5 1 runed translucent door, bronco's ghost, novice HuNe


Innate Abilities, Weirdness & Mutations

Shadows flee at your approach. (+LOS)
You can swim through water.
((You cover ground slowly.))
((You can hop short distances.))


Message History

You turn into a tree.
Your +1 cloak of magic resistance melds into your body.
Your +0 robe melds into your body.
You feel less resistant to hostile enchantments.
Your roots penetrate the ground.
The centaur hits you.
* * * LOW HITPOINT WARNING * * *
The centaur hits you but does no damage.
You feel better.
The centaur hits you but does no damage.
Okay, then.
It was a potion of might.
You feel very mighty all of a sudden. The centaur hits you.
* * * LOW HITPOINT WARNING * * *
The phantom hits you.
* * * LOW HITPOINT WARNING * * *
The centaur barely misses you.
Okay, then.
You closely miss the centaur. The phantom hits you.
You die...

..## #..# ### #..# #..# #..#
##### # #..## ###...######
.. #...####........... c..
#...)...........<.. ...
##(......########### #..
##♣.....#.......... #..
###cW.[..#..#...#...
#..######.(......#_.........
#....(..(........#..#...#...
##..............##..........
#..............############
##..............###.##..###
#...............<........##
#..........................#


You could see a phantom and a centaur.

Vanquished Creatures
  Sigmund (D:6)
  An orc warrior (D:6)
  A necrophage (D:6)
  A phantom (D:5)
  2 ogres (D:6)
  A scorpion (D:5)
  A bullfrog zombie (D:6)
  A crimson imp (D:6)
  2 hounds
  A quasit (D:5)
  A jelly (D:6)
  A centaur skeleton (D:6)
  2 orc wizards
  Crazy Yiuf (D:3)
  An orc priest (D:5)
  A bullfrog skeleton (D:5)
  Jessica (D:3)
  Ijyb (D:3)
  Natasha (D:3)
  A worker ant (D:6)
  Robin (D:3)
  5 adders
  A shadow imp (D:5)
  An ooze (D:2)
  An adder skeleton (D:4)
  A worm (D:2)
  2 dart slugs (D:1)
  A leopard gecko (D:5)
  8 orcs
  10 bats
  7 giant cockroaches
  21 goblins
  14 hobgoblins
  7 jackals (D:3)
  2 quokkas
  6 frilled lizards
  9 kobolds
  2 quokka skeletons (D:4)
  6 rats
128 creatures vanquished.

Notes
Turn   | Place    | Note
-------+----------+-------------------------------------------
     0 | D:1      | Mechanical the Barachi Ice Elementalist began the quest for
                  | the Orb.
     0 | D:1      | Reached XP level 1. HP: 13/13 MP: 3/3
   114 | D:1      | Reached skill level 4 in Ice Magic
   114 | D:1      | Reached XP level 2. HP: 18/19 MP: 1/5
   118 | D:1      | Learned a level 2 spell: Throw Frost
   474 | D:1      | Reached XP level 3. HP: 23/24 MP: 4/7
  1315 | D:2      | Found a bloodstained altar of Trog.
  1374 | D:2      | Reached XP level 4. HP: 23/30 MP: 3/9
  1379 | D:2      | Learned a level 3 spell: Ozocubu's Armour
  1497 | D:2      | Found a snail-covered altar of Cheibriados.
  1924 | D:3      | Reached skill level 5 in Ice Magic
  2038 | D:3      | Found a runed translucent door.
  2039 | D:3      | Noticed Crazy Yiuf
  2104 | D:3      | Noticed Jessica
  2127 | D:3      | Killed Jessica
  2127 | D:3      | Reached XP level 5. HP: 29/35 MP: 8/10
  2411 | D:3      | Noticed Robin
  2435 | D:3      | Killed Robin
  2509 | D:3      | Noticed Natasha
  2635 | D:3      | Killed Natasha
  3107 | D:3      | Reached XP level 6. HP: 29/41 MP: 5/12
  3167 | D:3      | Noticed Ijyb
  3184 | D:3      | Killed Ijyb
  3643 | D:3      | Killed Crazy Yiuf
  3711 | D:3      | Learned a level 4 spell: Throw Icicle
  3803 | D:4      | Found a shattered altar of Ashenzari.
  3825 | D:4      | You fall into a shaft and drop 1 floor!
  3825 | D:5      | Entered Level 5 of the Dungeon
  3826 | D:5      | Noticed a phantom
  3837 | D:5      | Found Jiriab's Jewellery Shoppe.
  3895 | D:5      | Killed a phantom
  3895 | D:5      | Reached skill level 6 in Ice Magic
  4205 | D:5      | Reached XP level 7. HP: 42/46 MP: 2/14
  4208 | D:5      | Found a runed translucent door.
  4284 | D:5      | Reached skill level 5 in Spellcasting
  4681 | D:4      | Found Goryri's General Store.
  4754 | D:4      | Learned a level 2 spell: Ensorcelled Hibernation
  4837 | D:4      | Got a pitted whip
  5080 | D:4      | Learned a level 4 spell: Summon Ice Beast
  5191 | D:5      | Noticed bronco's ghost (novice HuNe)
  5488 | D:6      | Noticed Sigmund
  5534 | D:6      | HP: 1/46 [Sigmund/magic dart (5)]
  5894 | D:6      | Found Ydobb's Book Shoppe.
  5927 | D:6      | Reached skill level 7 in Ice Magic
  6062 | D:6      | Reached XP level 8. HP: 37/52 MP: 12/16
  6095 | D:6      | Reached skill level 5 in Conjurations
  6182 | D:6      | Found a glowing golden altar of the Shining One.
  6381 | D:6      | Killed Sigmund
  6381 | D:6      | Reached skill level 8 in Ice Magic
  6480 | D:6      | HP: 3/78 [phantom (2)]
  6481 | D:6      | Slain by a phantom

Levels and vault maps discovered:
D:1:      giann_horns, layout_loops_ring, kennysheep_boxes
D:2:      layout_basic, bloody_trog, kennysheep_cross_bottleneck,
          lemuel_statue_altar
D:3:      kennysheep_goblin_castle, layout_basic, minivault_5,
          kennysheep_crisscross, uniq_jessica, uniq_natasha, uniq_robin,
          uniq_crazy_yiuf_cottage
D:4:      layout_cave_pools, cheibrodos_ashenzari_chains, serial_shops, shop
D:5:      layout_basic, first_ration, serial_shops,
          nicolae_shop_competitors_out_of_business, ebering_ghost_sewer_d
D:6:      layout_layer_cave, lemuel_coloured_pillars_altar, serial_shops, shop,
          kennysheep_mini_moat, shop, shop, kennysheep_mini, serial_glass,
          glass_columns_b, glass_columns_b, glass_columns_a, glass_columns_a,
          uniq_sigmund

Skill      XL: |  1  2  3  4  5  6  7  8 |
---------------+-------------------------+-----
Ice Magic      | 4 5 6 7 8 |  8.1
Spellcasting   | 3 4 5 6 |  6.4
Conjurations   | 2 3 4 5 |  5.8
Dodging        | |  2.1
Stealth        | |  1.7

Action                   |  1- 3 |  4- 6 |  7- 9 || total
-------------------------+-------+-------+-------++-------
Melee: Unarmed           |     9 |       |       ||     9
       Short sword       |    63 |   177 |   122 ||   362
Throw: Stone             |       |       |     1 ||     1
 Cast: Freeze            |    44 |    42 |    26 ||   112
       Throw Frost       |       |    14 |    12 ||    26
       Ozocubu's Armour  |       |     2 |     5 ||     7
 Abil: Hop               |       |     2 |     1 ||     3
  Use: Scroll            |       |     3 |     3 ||     6
       Potion            |       |     2 |     3 ||     5
 Stab: Sleeping          |     2 |     3 |     2 ||     7
  Eat: Chunk             |     2 |     9 |     4 ||    15
       Ration            |       |       |     2 ||     2
Armor: Robe              |    13 |    44 |    24 ||    81
       Skin              |       |       |     2 ||     2
Dodge: Dodged            |    53 |   106 |    66 ||   225
